 Dungeon Crawl Stone Soup version 0.24.0-13-gcf9b319 (webtiles) character file.

Game seed: 10531191827580816825, levelgen mode: deterministic

14332 DarkinPup the Fighter (level 11, -4/90 HPs)
             Began as a Demonspawn Fighter on Jan 4, 2020.
             Was a High Priest of Yredelemnul.
             Blown up by a great orb of eyes (31 damage)
             ... with a disintegration bolt
             ... in a Gauntlet.
             The game lasted 00:47:03 (9188 turns).

DarkinPup the Fighter (Demonspawn Fighter)          Turns: 9188, Time: 00:47:04

Health: -4/90      AC: 19    Str: 21    XL:     11   Next: 87%
Magic:  12/17      EV: 14    Int:  9    God:    Yredelemnul [*****.]
Gold:   669        SH: 13    Dex: 14    Spells: 10/10 levels left

rFire    . . .     SeeInvis +   C - +8 falchion (freeze)
rCold    . . .     Gourm    .   c - +2 shield
rNeg     . . .     Faith    .   m - +5 steam dragon scales
rPois    +         Spirit   .   (helmet restricted)
rElec    .         Reflect  .   L - +0 cloak
rCorr    +         Harm     .   (no gloves)
MR       .....     NoTele   +   D - +2 pair of boots
Stlth    +.........             b - amulet of regeneration
HPRegen  0.65/turn              r - ring of resist corrosion
MPRegen  0.15/turn              w - ring of see invisible

@: no status effects
A: antennae 1, talons 1, thin metallic scales 2, demonic guardian 1, poison
resistance, spiny 1, strong 1
a: Recall Undead Slaves, Injury Mirror, Animate Dead, Drain Life, Enslave Soul,
Renounce Religion


You were in a Gauntlet.
You worshipped Yredelemnul.
Yredelemnul was extremely pleased with you.
You were not hungry.

You visited 2 branches of the dungeon, and saw 13 of its levels.
You also visited: Ossuary and Gauntlet.

You collected 669 gold pieces.

Inventory:

Hand Weapons
 h - a +4 demon trident of venom
 i - a +1 vampiric short sword
 q - a -3 long sword of flaming
 C - a +8 falchion of freezing (weapon)
Armour
 c - a +2 shield (worn)
 m - +5 steam dragon scales (worn)
 t - a +2 helmet
 D - a +2 pair of boots (worn)
 L - a +0 cloak (worn)
Jewellery
 b - an amulet of regeneration (around neck)
 p - the ring "Vumobar" {+Inv rC+ Str+4 Dex-4 Stlth+}
   (You acquired it on level 11 of the Dungeon)

   [ring of strength]

   It affects your strength (+4).
   It affects your dexterity (-4).
   It protects you from cold.
   It lets you turn invisible.
   It makes you more stealthy.
 r - a ring of resist corrosion (left hand)
 w - a ring of see invisible (right hand)
 x - an uncursed ring of ice
 E - an uncursed amulet of the gourmand
 G - an uncursed ring of ice
Wands
 l - a wand of iceblast (6)
 n - a wand of polymorph (15)
 y - a wand of digging (6)
Scrolls
 g - 6 scrolls of teleportation
 k - 2 scrolls of immolation
 u - 4 scrolls of remove curse
 v - a scroll of summoning {unknown}
 H - 2 scrolls of vulnerability
 I - 2 scrolls of blinking {unknown}
Potions
 a - a potion of flight
 d - 2 potions of might
 e - 2 potions of agility
 j - 4 potions of brilliance
 o - 3 potions of heal wounds
 s - 2 potions of cancellation
 z - 3 potions of haste
 A - 5 potions of curing
 B - 4 potions of lignification
 F - a potion of magic {unknown}
 J - a potion of berserk rage
Comestibles
 f - 18 rations
 K - 4 chunks of flesh


   Skills:
 + Level 9.6 Fighting
 * Level 7.4 Long Blades
   Level 5.6 Axes
 + Level 7.3 Armour
 + Level 5.8 Dodging
 + Level 7.4 Shields
 + Level 8.2 Invocations


You had 10 spell levels left.
You didn't know any spells.
Your spell library contained the following spells:

 Spells                   Type           Power        Failure   Level  Hunger
 Corona                   Hex            #......      71%         1    ##.....
 Summon Small Mammal      Summ           #...         71%         1    ##.....
 Call Imp                 Summ           #.......     85%         2    ###....
 Ensorcelled Hibernation  Hex/Ice        #.....       85%         2    ###....
 Call Canine Familiar     Summ           #.......     97%         3    ####...
 Confuse                  Hex            #.......     97%         3    ####...
 Dazzling Spray           Conj/Hex       #.....       97%         3    ####...
 Summon Guardian Golem    Hex/Summ       #.......     97%         3    ####...
 Tukima's Dance           Hex            #.......     97%         3    ####...
 Summon Ice Beast         Ice/Summ       #.......     100%        4    #####..
 Summon Lightning Spire   Summ/Air       #.......     100%        4    #####..


Dungeon Overview and Level Annotations

Branches:
Dungeon (12/15)            Temple (1/1) D:4            Lair (0/6) D:11
    Orc (0/2) D:11        Ossuary (visited)         Gauntlet (1/1)

Altars:
Cheibriados
Gozag
Makhleb
Trog
Yredelemnul
Zin
The Shining One

Shops:
D:9 (   D:10 %

Annotations:
Gauntlet 7 transporters


Innate Abilities, Weirdness & Mutations

You have sharp toenails.
You are mostly covered in thin metallic scales. (AC +3)
A weak demonic guardian rushes to your aid.
You are partially covered in sharp spines.
You have a pair of small antennae on your head.
Your system is resistant to poisons. (rPois)
Your muscles are strong. (Str +2)


Message History

You hit the great orb of eyes. You freeze the great orb of eyes.
The great orb of eyes is severely wounded.
Something kicks your iron imp but does no damage.
You block the great orb of eyes's attack.
Unknown command.
You hit the great orb of eyes but do no damage.
The great orb of eyes is severely wounded.
Something kicks your iron imp.
Your iron imp hits the great orb of eyes but does no damage.
Unknown command.
You hit the great orb of eyes. You freeze the great orb of eyes.
The great orb of eyes is severely wounded.
Your iron imp dies!
You block the great orb of eyes's attack.
Unknown command.
You slash the great orb of eyes! You freeze the great orb of eyes.
The great orb of eyes is almost dead.
The great orb of eyes gazes at you.
You are blasted!
You die...

################≈#≈#§#≈
##§#≈#≈#§#≈#≈#≈#........
#≈.........§§......∩..8.
##.8.....8.....8......©.
#≈.......©.......#######
##...#########...#....#.
#≈...#.##....#...#...#P#
##...#..##..##...#..#P©P
#≈...#.@G#.###...#.#P.#.
##.8.#©##u##.#.8.##P.#P#
#≈...###.#...#...#..#P^P
##...##?.##..#...#^#P.#.
#≈...#.[[©##.#...##..#.#
##...#########...#[?#.©.
#≈.....#.©.#.....#######
##.8...#.8.#...8....#.©.
##......#.©.#........#...


You could see a great orb of eyes and a green ugly thing.

Vanquished Creatures
  A centaur warrior (D:11)
  A two-headed ogre (D:9)
  An unseen horror (D:11)
  Pikel (D:4)
  Maurice (D:8)
  Joseph (D:8)
  A komodo dragon (D:11)
  A queen bee (D:8)
  A troll (D:10)
  A hornet (D:11)
  Prince Ribbit (D:8)
  4 hippogriffs
  3 yaks (D:12)
  Sigmund (D:6)
  A wyvern (D:8)
  A wraith (D:10)
  A vampire (D:11)
  A steam dragon (D:7)
  A phantom (D:9)
  A sky beast (D:8)
  A slave (D:5)
  5 ice beasts
  2 orc warriors (D:8)
  A black bear (D:8)
  A necrophage (D:7)
  An eye of draining (D:11)
  3 ogres
  A centaur (D:8)
  A big kobold (D:8)
  An elf zombie (Ossuary)
  4 bullfrogs
  A wyvern skeleton (D:11)
  3 scorpions
  24 killer bees
  A howler monkey (D:6)
  8 wights
  A bullfrog zombie (D:10)
  A centaur zombie (Ossuary)
  A crimson imp (D:8)
  A quasit (D:11)
  6 hounds
  3 jellies
  A human zombie (Ossuary)
  2 orc priests
  A bullfrog skeleton (D:5)
  8 orc wizards
  6 iguanas
  5 worker ants
  2 mummies (Ossuary)
  Robin (D:4)
  4 worker ant zombies
  15 adders
  5 gnolls
  An ooze (D:2)
  An adder zombie (D:9)
  An adder skeleton (D:5)
  A worm (D:2)
  4 dart slugs
  A leopard gecko (D:9)
  27 orcs
  2 ball pythons
  4 giant cockroaches
  17 goblins
  12 hobgoblins
  2 jackals (D:7)
  3 quokkas
  6 bats
  5 frilled lizards
  9 hobgoblin zombies (Ossuary)
  3 jackal zombies (Ossuary)
  13 kobolds
  12 kobold zombies
  A leopard gecko zombie (D:7)
  6 orc zombies (Ossuary)
  A quokka skeleton (D:5)
  3 rats
  A rat zombie (D:8)
282 creatures vanquished.

Vanquished Creatures (collateral kills)
  2 hydras (D:11)
  A two-headed ogre (D:12)
  Urug (D:10)
  A manticore (D:11)
  A cyclops (D:11)
  An ugly thing (D:11)
  A centaur zombie (D:11)
  Psyche (D:8)
  A centaur skeleton (D:10)
  2 trolls
  3 yaks (D:12)
  Eustachio (D:4)
  A wyvern (D:11)
  A steam dragon (D:7)
  Menkaure (D:6)
  Edmund (D:6)
  2 ogres
  An orc warrior (D:11)
  A centaur (D:11)
  6 bullfrogs
  A hippogriff skeleton (D:8)
  4 killer bees
  5 wights
  A howler monkey (D:11)
  5 crimson imps
  3 orc priests
  A hound (D:7)
  A bullfrog zombie (D:8)
  A bullfrog skeleton (D:11)
  A gnoll shaman (D:3)
  2 orc wizards
  3 worker ants
  2 big kobold zombies (Ossuary)
  A hound zombie (D:6)
  4 adders
  A shadow imp (D:11)
  2 leopard geckos
  8 orcs
  A jackal zombie (Ossuary)
  A kobold zombie (Ossuary)
  A quokka skeleton (D:6)
  3 plants (D:11)
82 creatures vanquished.

Vanquished Creatures (others)
  4 flying skulls
  A slave (D:5)
  2 wights (D:11)
  A bullfrog skeleton (D:7)
  An adder zombie (D:7)
  2 adder skeletons
  An orc (D:11)
  A jackal skeleton (D:7)
  A jackal zombie (D:7)
  An orc skeleton (D:7)
  3 orc zombies
  4 demonic plants (Gauntlet)
  3 plants (D:11)
25 creatures vanquished.

Grand Total: 389 creatures vanquished

Notes
Turn   | Place    | Note
-------+----------+-------------------------------------------
     0 | D:1      | DarkinPup the Demonspawn Fighter began the quest for the
                  | Orb.
     0 | D:1      | Reached XP level 1. HP: 18/18 MP: 1/1
   343 | D:1      | Gained mutation: A weak demonic guardian rushes to your
                  | aid. [demonic ancestry]
   343 | D:1      | Reached XP level 2. HP: 24/24 MP: 2/2
   898 | D:2      | Gained mutation: You are partially covered in thin metallic
                  | scales. (AC +2) [demonic ancestry]
   898 | D:2      | Reached XP level 3. HP: 29/29 MP: 3/3
  1360 | D:3      | Gained mutation: You are partially covered in sharp spines.
                  | [demonic ancestry]
  1360 | D:3      | Reached XP level 4. HP: 37/37 MP: 4/4
  1658 | D:3      | Reached skill level 1 in Dodging
  1672 | D:3      | Reached skill level 4 in Fighting
  1678 | D:3      | Gained mutation: You have sharp toenails. [demonic
                  | ancestry]
  1678 | D:3      | Reached XP level 5. HP: 15/42 MP: 5/5
  2403 | D:4      | Noticed Eustachio
  2413 | D:4      | Killed Eustachio
  2413 | D:4      | Reached XP level 6. HP: 43/49 MP: 6/6
  2455 | D:4      | Noticed Robin
  2471 | D:4      | Killed Robin
  2873 | D:4      | Found a faded altar of an unknown god.
  2875 | D:4      | Found a staircase to the Ecumenical Temple.
  2898 | Temple   | Entered the Ecumenical Temple
  2923 | Temple   | Became a worshipper of Yredelemnul the Dark
  2987 | D:5      | Entered Level 5 of the Dungeon
  3018 | D:5      | Noticed a slave
  3020 | D:5      | Noticed a slave
  3020 | D:5      | Noticed Pikel
  3022 | D:5      | Noticed a slave
  3036 | D:5      | Killed a slave
  3050 | D:5      | Noticed a slave
  3071 | D:5      | HP: 1/50 [Pikel/iceblast (16)]
  3398 | D:4      | Killed Pikel
  3398 | D:4      | Reached skill level 5 in Fighting
  3398 | D:4      | Reached XP level 7. HP: 30/56 MP: 7/7
  3441 | D:5      | Reached XP level 8. HP: 44/64 MP: 8/8
  3463 | D:5      | Reached skill level 6 in Fighting
  3467 | D:5      | Reached skill level 5 in Axes
  3947 | D:6      | Reached skill level 1 in Invocations
  3988 | D:6      | Reached * piety under Yredelemnul
  4179 | D:6      | Noticed Edmund
  4179 | D:6      | Noticed Menkaure
  4207 | D:6      | Killed Edmund
  4237 | D:6      | Killed Menkaure
  4375 | D:6      | Noticed Sigmund
  4381 | D:6      | Killed Sigmund
  4381 | D:6      | Reached skill level 1 in Long Blades
  4628 | D:7      | Reached skill level 7 in Fighting
  4732 | D:7      | Reached ** piety under Yredelemnul
  4732 | D:7      | Reached XP level 9. HP: 30/72 MP: 11/11
  4735 | D:7      | Reached skill level 5 in Armour
  4743 | D:7      | Reached skill level 5 in Shields
  5590 | D:8      | Noticed Psyche
  5607 | D:8      | Reached skill level 8 in Fighting
  5608 | D:8      | Paralysed by Psyche for 4 turns
  5798 | D:8      | Found a sand-covered staircase.
  5811 | Ossuary  | Entered an ossuary
  5861 | Ossuary  | Reached *** piety under Yredelemnul
  6042 | Ossuary  | Gained mutation: You have a pair of small antennae on your
                  | head. [potion of mutation]
  6042 | Ossuary  | Gained mutation: Your system is resistant to poisons.
                  | (rPois) [potion of mutation]
  6042 | Ossuary  | Gained mutation: Your muscles are strong. (Str +2) [potion
                  | of mutation]
  6100 | D:8      | Reached skill level 5 in Invocations
  6109 | D:8      | Received a gift from Yredelemnul (2 flying skulls)
  6109 | D:8      | Noticed a queen bee
  6123 | D:8      | Gained mutation: You are mostly covered in thin metallic
                  | scales. (AC +3) [demonic ancestry]
  6123 | D:8      | Reached XP level 10. HP: 59/80 MP: 13/13
  6127 | D:8      | Received a gift from Yredelemnul (2 flying skulls)
  6127 | D:8      | Noticed Joseph
  6131 | D:8      | Reached **** piety under Yredelemnul
  6136 | D:8      | Killed Joseph
  6300 | D:8      | Noticed Maurice
  6317 | D:8      | Killed Maurice
  6354 | D:8      | Received a gift from Yredelemnul (a mummy)
  6391 | D:8      | Killed Psyche
  6674 | D:8      | Noticed Prince Ribbit
  6681 | D:8      | Killed Prince Ribbit
  6902 | D:9      | Reached skill level 5 in Long Blades
  7035 | D:9      | Found Coca's Weapon Shoppe.
  7223 | D:9      | Noticed a two-headed ogre
  7229 | D:9      | Killed a two-headed ogre
  7388 | D:9      | Found a snail-covered altar of Cheibriados.
  7658 | D:10     | Entered Level 10 of the Dungeon
  7659 | D:10     | Noticed Urug
  7674 | D:10     | Killed Urug
  7682 | D:10     | Found Fiangas's Food Boutique.
  7813 | D:10     | Received a gift from Yredelemnul (a wight)
  7930 | D:10     | Reached skill level 9 in Fighting
  8051 | D:10     | Reached XP level 11. HP: 87/89 MP: 16/16
  8160 | D:11     | Noticed a centaur warrior
  8171 | D:11     | Killed a centaur warrior
  8172 | D:11     | Found a staircase to the Lair.
  8222 | D:11     | Noticed an unseen horror
  8226 | D:11     | Killed an unseen horror
  8226 | D:11     | Reached skill level 5 in Dodging
  8230 | D:11     | Reached ***** piety under Yredelemnul
  8231 | D:11     | Received a gift from Yredelemnul (a wight)
  8434 | D:11     | Noticed a seven-headed hydra
  8442 | D:11     | Killed a five-headed hydra
  8457 | D:11     | Identified a scroll of acquirement
  8459 | D:11     | Got a pitted bronze ring
  8461 | D:11     | Identified the ring "Vumobar" {+Inv rC+ Str+4 Dex-4 Stlth+}
                  | (You acquired it on level 11 of the Dungeon)
  8595 | D:11     | Noticed a green ugly thing
  8603 | D:11     | Killed a green ugly thing
  8708 | D:11     | Paralysed by a hornet for 1 turns
  8720 | D:11     | Noticed a six-headed hydra
  8729 | D:11     | Killed a four-headed hydra
  8730 | D:11     | Received a gift from Yredelemnul (3 flying skulls)
  8750 | D:11     | Found a staircase to the Orcish Mines.
  9008 | D:12     | Noticed a two-headed ogre
  9013 | D:12     | Killed a two-headed ogre
  9022 | D:12     | Found a burning altar of Makhleb.
  9031 | D:12     | Found a gate leading to a gauntlet.
  9067 | Gauntlet | Entered a Gauntlet
  9067 | Gauntlet | Found a transporter.
  9068 | Gauntlet | Noticed a green ugly thing
  9068 | Gauntlet | Noticed a great orb of eyes
  9070 | Gauntlet | Found a transporter.
  9084 | Gauntlet | Found a transporter.
  9088 | Gauntlet | Found a transporter.
  9100 | Gauntlet | Found a transporter.
  9118 | Gauntlet | Found a transporter.
  9121 | Gauntlet | Noticed a reaper
  9134 | Gauntlet | Found a transporter.
  9138 | Gauntlet | Found a transporter.
  9139 | Gauntlet | Noticed a green death
  9188 | Gauntlet | Blown up by a great orb of eyes

Levels and vault maps discovered:
D:1:      kennysheep_arrival_forest, layout_basic, hex_intersection
D:2:      minmay_chambers_of_ones, layout_rooms
D:3:      layout_basic
D:4:      layout_rooms, nicolae_temple_entry_ecumenical, uniq_eustachio,
          uniq_robin
D:5:      layout_loops_cross, first_ration, cheibrodos_gnoll_hut, uniq_pikel
D:6:      layout_rooms, kennysheep_generic_room_16, uniq_edmund, uniq_menkaure,
          uniq_sigmund
D:7:      cheibrodos_steamvent, layout_basic
D:8:      layout_basic, enter_ossuary_3, david_nohive_1,
          chequers_serial_rivers_micro_d, uniq_prince_ribbit1, uniq_psyche,
          uniq_maurice, uniq_joseph
D:9:      layout_grid_maze, marbit_many_paths, serial_shops, shop
D:10:     layout_rooms, serial_shops, nicolae_shop_trees, hex_tiny,
          minmay_fire_ice_demons, uniq_urug
D:11:     minmay_skewed_foursquare, layout_irregular_city, david_lair_shrubbed,
          orc_0_dummy, grunt_decor_cap
D:12:     layout_rooms, basic_altar, gauntlet_entry_generic,
          kennysheep_generic_room_13
Temple:   minmay_crystal_snake_temple
Gauntlet: minmay_gauntlet_mixed_oops_all_seconds [minmay_gauntlet_arena_77_fan,
          gammafunk_gauntlet_arena_arrow_garden,
          minmay_gauntlet_arena_77_block_sizes, nicolae_gauntlet_arena_x,
          minmay_gauntlet_arena_77_box, gammafunk_gauntlet_arena_crates,
          gauntlet_exit_green]

Skill      XL: |  1  2  3  4  5  6  7  8  9 10 11 |
---------------+----------------------------------+-----
Axes           | 2 3 4 5 |  5.6
Armour         | 3 4 5 6 7 |  7.3
Shields        | 3 4 5 6 7 |  7.4
Dodging        | 1 2 3 4 5 |  5.8
Fighting       | 4 5 7 8 9 |  9.6
Invocations    | 3 5 6 8 |  8.2
Long Blades    | 1 3 5 7 |  7.4

Action                   |  1- 3 |  4- 6 |  7- 9 | 10-12 || total
-------------------------+-------+-------+-------+-------++-------
Melee: War axe           |   148 |    83 |       |       ||   231
       Kick              |       |     2 |       |       ||     2
       Broad axe         |       |    36 |    72 |       ||   108
       Long sword        |       |       |   134 |     7 ||   141
       Falchion          |       |       |   111 |   228 ||   339
       Unarmed           |       |       |       |     8 ||     8
Invok: Animate Remains   |       |       |    17 |       ||    17
       Animate Dead      |       |       |     1 |    15 ||    16
  Use: Scroll            |       |     7 |    19 |     8 ||    34
       Potion            |       |       |     3 |     1 ||     4
 Stab: Distracted        |       |       |     6 |     5 ||    11
  Eat: Chunk             |     1 |     6 |    12 |    18 ||    37
       Ration            |       |     1 |       |       ||     1
Armor: Scale mail        |    75 |     4 |       |       ||    79
       Chain mail        |       |    81 |    16 |       ||    97
       Plate armour      |       |       |   110 |       ||   110
       Steam dragon scal |       |       |    70 |    85 ||   155
Dodge: Dodged            |    35 |    31 |    91 |   124 ||   281
Block: Shield            |    72 |    87 |   224 |   165 ||   548
       Rpst.: Long sword |       |       |     9 |     1 ||    10
       Falchion          |       |       |    16 |    33 ||    49
